 Dungeon Crawl Stone Soup version 0.30-a0-365-ge7f957f1db (webtiles) character file.

Game seed: 16183620033911994071

59635 funkygono the Eclecticist (level 14, -13/93 HPs)
             Began as a Demonspawn Fire Elementalist on Nov 16, 2022.
             Was a High Priest of Vehumet.
             Mangled by Donald
             ... wielding a +3 long sword of venom
              (17 damage)
             ... on level 1 of the Orcish Mines.
             The game lasted 00:59:53 (18957 turns).

funkygono the Eclecticist (DsFE)                   Turns: 18957, Time: 00:59:53

Health: -13/93     AC: 21    Str: 10    XL:     14   Next: 53%
Magic:  33/33      EV: 13    Int: 23    God:    Vehumet [*****.]
Gold:   460        SH:  0    Dex: 14    Spells: 11/44 levels left

rFire   . . .      SeeInvis .    s - +4 whip
rCold   . . .      Faith    .    (no shield)
rNeg    . . .      Spirit   .    p - +3 leather armour {rPois}
rPois   +          Reflect  .    R - +2 hat {Int+3}
rElec   .          Harm     .    r - +2 cloak
rCorr   .          Rampage  .    g - +0 pair of gloves
Will    +....                    f - +2 pair of boots
Stlth   ++........               H - amulet of Vitality {RegenMP++ Regen++}
HPRegen 1.95/turn                u - +4 ring of protection
MPRegen 1.03/turn                G - ring of wizardry

@: mighty, lethally poisoned (-13 -> -14)
A: claws 2, icy blue scales 1, foul stench 1, powered by pain 1
a: Renounce Religion


You were on level 1 of the Orcish Mines.
You worshipped Vehumet.
Vehumet was extremely pleased with you.
You visited 4 branches of the dungeon, and saw 18 of its levels.
You also visited: Volcano.

You collected 1592 gold pieces.
You spent 1132 gold pieces at shops.

Inventory:

Hand Weapons
 s - a +4 whip (weapon)
 x - the +8 whip of the Real Monster {vorpal, MP-9 Dex+10}
   (You found it on level 6 of the Dungeon)

   It inflicts extra damage upon your enemies.
   Dex:       It affects your dexterity (+10).
   MP:        It affects your magic capacity (-9).
Armour
 a - the +0 cloak "Efequ" {+Blink rElec Dex+2}
   (You bought it in a shop on level 2 of the Dungeon)

   Dex:       It affects your dexterity (+2).
   rElec:     It insulates you from electricity.
   +Blink:    It lets you blink.
 f - a +2 pair of boots (worn)
 g - a +0 pair of gloves (worn)
 p - a +3 leather armour of poison resistance (worn)
 r - a +2 cloak (worn)
 R - a +2 hat of intelligence (worn)
Magical Staves
 L - a staff of conjuration
Jewellery
 u - a +4 ring of protection (left hand)
 v - a ring of protection from fire
 y - a ring of willpower
 G - a ring of wizardry (right hand)
 H - the amulet of Vitality (around neck) {RegenMP++ Regen++}
   (You found it on level 8 of the Dungeon)

   [amulet of magic regeneration]

   It increases your rate of magic regeneration.
   Regen:     It increases your rate of health regeneration.
 Q - a ring of willpower
Wands
 o - a wand of flame (14)
 z - a wand of charming (15)
 E - a wand of roots (10)
 I - a wand of acid (4)
 M - a wand of mindburst (2)
 P - a wand of polymorph (5)
Scrolls
 c - 3 scrolls of teleportation
 d - 3 scrolls of blinking
 w - 2 scrolls of identify
 A - a scroll of fear
 C - a scroll of silence
 J - 4 scrolls of amnesia
 O - a scroll of magic mapping
 T - a scroll of summoning
Potions
 b - 4 potions of magic
 e - a potion of cancellation
 h - 8 potions of mutation
 j - a potion of flight
 k - 3 potions of might
 l - 2 potions of resistance
 m - 6 potions of haste
 q - a potion of brilliance
 t - 2 potions of invisibility
 B - 3 potions of ambrosia
 F - 2 potions of curing


   Skills:
 + Level 3.0 Fighting
 + Level 0.2(1.4) Axes
 + Level 2.4 Maces & Flails
 + Level 2.8 Armour
 + Level 5.7 Dodging
 - Level 1.7 Stealth
 + Level 15.9 Spellcasting
 + Level 8.1 Conjurations
 + Level 6.2 Necromancy
 + Level 1.0 Transmutations
 + Level 11.5 Fire Magic
 + Level 0.1 Air Magic
 + Level 8.4 Poison Magic


You had 11 spell levels left.
You knew the following spells:

 Your Spells              Type           Power      Damage    Failure   Level
a - Foxfire               Conj/Fire      100%       2x1d9     1%          1
b - Scorch                Fire           100%       2d10      1%          2
c - Kindle Blastsparks    Fire/Tloc/Air  72%        2d16      1%          3
d - Flame Wave            Conj/Fire      59%        2d14      1%          4
e - Necrotise             Necr           100%       1d9       1%          1
f - Sting                 Tmut/Pois      100%       1d8       1%          1
g - Olgreb's Toxic Radia  Pois           54%        N/A       1%          4
h - Vampiric Draining     Necr           47%        2d9       1%          3
i - Sandblast             Erth           36%        2d10      1%          1
j - Dispel Undead         Necr           47%        3d18      1%          4
k - Fireball              Conj/Fire      29%        3d13      1%          5
l - Airstrike             Air            9%         2d(2-18)  4%          4

Your spell library contained the following spells:

 Spells                   Type           Power      Damage    Failure   Level
 Sticky Flame             Conj/Fire      59%        2d7       1%          4
 Apportation              Tloc           36%        N/A       1%          1
 Magic Dart               Conj           100%       1d8       1%          1
 Slow                     Hex            72%        N/A       1%          1
 Summon Small Mammal      Summ           72%        N/A       1%          1
 Cigotuvi's Dreadful Rot  Necr/Pois/Air  82%        N/A       1%          2
 Passwall                 Tmut/Erth      16%        N/A       1%          2
 Poisonous Vapours        Pois/Air       76%        N/A       1%          2
 Inner Flame              Hex/Fire       44%        N/A       1%          3
 Mephitic Cloud           Conj/Pois/Air  43%        N/A       1%          3
 Call Imp                 Summ           18%        N/A       2%          2
 Ensorcelled Hibernation  Hex/Ice        36%        N/A       2%          2
 Arcjolt                  Conj/Air       18%        1d28      2%          5
 Irradiate                Conj/Tmut      19%        3d18      2%          5
 Confusing Touch          Hex            18%        N/A       4%          3
 Gell's Gravitas          Tloc           18%        N/A       4%          3
 Swiftness                Air            18%        N/A       4%          3
 Teleport Other           Tloc           18%        N/A       4%          3
 Vhi's Electric Charge    Tloc/Air       36%        N/A       4%          3
 Eringya's Noxious Bog    Tmut/Pois      20%        N/A       10%         6
 Death Channel            Necr           23%        N/A       19%         6
 Blade Hands              Tmut           11%        N/A       28%         5
 Summon Forest            Summ/Tloc      9%         N/A       38%         5
 Dispersal                Tloc           9%         N/A       91%         6
 Dragon Form              Tmut           11%        N/A       100%        7
 Summon Hydra             Summ           9%         N/A       100%        7
 Borgnjor's Revivificati  Necr           23%        N/A       100%        8
 Maxwell's Capacitive Co  Air            9%         ∞         100%        8
 Necromutation            Tmut/Necr      17%        N/A       100%        8
 Death's Door             Necr           23%        N/A       100%        9


Dungeon Overview and Level Annotations

Branches:
Dungeon (10/15)            Temple (1/1) D:4            Lair (5/5) D:9
  Swamp (0/4) Lair:3       Spider (0/4) Lair:2        Slime (0/5) Lair:4
    Orc (2/2) D:9         Volcano (visited)
    Elf: Orc:2

Altars:
Ashenzari
Cheibriados
Dithmenos
Fedhas
Gozag
Hepliaklqana
Kikubaaqudgha
Makhleb
Nemelex Xobeh
Okawaru
Qazlal
Ru
Sif Muna
Trog
Uskayaw
Vehumet
Wu Jian
Xom
Yredelemnul

Shops:
D:1 ([   D:2 :[*   D:3 ?   D:4 *   D:6 =   D:9 (

Annotations:
Lair:3 1 runed translucent door, gabibbone's ghost, journeyman DsFE
Lair:5 2 transporters, HoaS's ghost, journeyman KoHu
Orc:1 Donald
Orc:2 Saint Roka


Innate Abilities, Weirdness & Mutations

You have very sharp fingernails.
You are partially covered in icy blue scales. (AC +2)
You may rarely emit foul miasma when damaged in melee.
You sometimes gain a little power by taking damage.


Message History

A wave of flame ripples out!
The flame wave engulfs Donald.
Donald resists.
Donald is lightly wounded.
The flame wave engulfs the ogre!!
You kill the ogre!
Vehumet accepts your kill.
You feel your power returning.
You feel very sick.
Donald hits you with a +3 long sword of venom!!
* * * LOW HITPOINT WARNING * * *
A wave of flame ripples out!
The flame wave engulfs Donald.
Donald resists.
Donald is lightly wounded.
* * * LOW HITPOINT WARNING * * *
You feel very sick.
Donald gestures wildly while chanting.
Donald seems to speed up.
Press: ? - help, v - describe, . - travel
Here: Donald, wielding a +3 long sword of venom, wearing a +2 chain mail of fire resistance and wearing a +0 kite shield of reflection (lightly wounded, fast, strong, reflecting blocked projectiles)
The floor.
You feel much better.
You feel sick.
Donald says, "Like I always say, the jar is half empty."
Donald hits you with a +3 long sword of venom!!
* * * LOW HITPOINT WARNING * * *
You emit a cloud of foul miasma!
Unknown command.
* * * LOW HITPOINT WARNING * * *
You feel sick.
Donald is engulfed in dark miasma.
Donald is poisoned.
Donald says, "I think I'm starting to get a cough.
I hate that."
Donald hits you but does no damage.
You see here a +0 giant club.
* * * LOW HITPOINT WARNING * * *
You feel sick.
You feel sick. Donald barely misses you.
You feel sick.
You feel sick.
Donald hits you with a +3 long sword of venom.
* * * LOW HITPOINT WARNING * * *
There is a staircase back to the Dungeon here.
You feel sick.
Donald looks more healthy.
Donald hits you with a +3 long sword of venom!
You die...

############## #
##..#......#..##
####..............#
.#.#)..[.........###
#...#.....).)...@..##
...###...#[[....@...#
)...###....[........#
.....###............#
)...#.#......).....##
......[#.#..>......##
...#..###..°........#
......####.........##
.....##.#).........##


You could see Donald (fast, strong, reflecting).

Vanquished Creatures
  A red draconian (Volcano)
  3 hydras (Lair:5)
  A centaur warrior (Volcano)
  A boulder beetle (Lair:5)
  A two-headed ogre (Orc:1)
  9 death yaks
  An orc high priest (Orc:2)
  A deep troll (D:8)
  A bog body (Lair:3)
  Pikel (D:6)
  4 orc sorcerers
  2 orc knights
  2 wolf spiders (Lair:4)
  25 elephants
  2 black mambas
  An ice statue (Lair:4)
  6 cane toads
  9 komodo dragons
  4 rime drakes
  2 unseen horrors
  A kobold demonologist (D:10)
  Maggie (Lair:2)
  2 unseen horror zombies (D:9)
  2 ice devils (Lair:4)
  A troll (Orc:2)
  4 polar bears
  Grinder (D:5)
  11 blink frogs
  6 hornets
  5 dream sheep
  11 spriggans (Lair:5)
  Sigmund (D:3)
  5 shadows (D:9)
  38 yaks
  5 wyverns
  A redback (Lair:2)
  7 fire bats (Volcano)
  6 basilisks
  Menkaure (D:5)
  A swamp worm (Lair:3)
  7 water moccasins
  Duvessa (D:7)
  14 orc warriors
  3 ice beasts
  6 black bears
  5 boggarts (Lair:5)
  3 ogres
  31 wolves
  4 phantoms
  12 centaurs
  9 bullfrogs
  A necrophage (D:7)
  2 scorpions
  A cane toad simulacrum (Lair:4)
  6 wights
  Dowan (D:7)
  2 troll zombies (D:9)
  An elephant simulacrum (Lair:4)
  5 killer bees (D:7)
  4 howler monkeys
  An electric eel (Lair:3)
  2 centaur zombies (D:9)
  A human zombie (D:9)
  3 lava snakes (Volcano)
  3 hounds
  A gnoll bouda (D:7)
  5 jellies
  12 orc priests
  An iron imp (D:4)
  3 iguanas
  19 orc wizards
  Terence (D:2)
  A wolf simulacrum (Lair:4)
  2 killer bee zombies (D:9)
  4 ogre zombies (D:9)
  3 mummies (D:9)
  A howler monkey zombie (D:9)
  7 gnolls
  4 adders
  A naga simulacrum (Lair:4)
  A white imp (D:6)
  An ufetubus (D:6)
  2 dart slugs
  55 orcs
  5 endoplasms
  A giant cockroach (D:3)
  7 goblins
  6 hobgoblins
  5 jackals
  3 kobolds
  3 ball pythons
  2 bats
  5 frilled lizards
  3 goblin zombies (D:9)
  2 hobgoblin zombies (D:9)
  5 orc skeletons (D:9)
  9 orc zombies (D:9)
  5 rats
  A bush (Lair:3)
  2 butterflies (D:6)
503 creatures vanquished.

Vanquished Creatures (collateral kills)
  A cane toad (Lair:4)
  A dream sheep (Lair:4)
  A yak (Lair:2)
  A fire bat (Volcano)
  A black bear (Lair:2)
  A wolf (Lair:4)
  3 lava snakes (Volcano)
  5 foxfires
14 creatures vanquished.

Vanquished Creatures (others)
  1055 foxfires
  40 fungi
  45 plants
1140 creatures vanquished.

Grand Total: 1657 creatures vanquished

Notes
Turn   | Place    | Note
-------+----------+-------------------------------------------
     0 | D:1      | funkygono the Demonspawn Fire Elementalist began the quest
                  | for the Orb.
     0 | D:1      | Reached XP level 1. HP: 13/13 MP: 3/3
    10 | D:1      | You fall into a shaft and drop 1 floor!
    30 | D:2      | Found Anluc's General Store.
   270 | D:1      | Found Widaxeshi's Armour Boutique.
   510 | D:1      | Found Obojom's Antique Weapon Boutique.
   519 | D:1      | Gained mutation: You have sharp fingernails. [demonic
                  | ancestry]
   519 | D:1      | Reached XP level 2. HP: 15/19 MP: 0/5
   933 | D:1      | Learned a level 2 spell: Scorch
   959 | D:2      | Found Kilu's Antique Armour Shop.
  1017 | D:2      | Found Ofuroro's Book Shoppe.
  1213 | D:2      | Gained mutation: You sometimes gain a little power by
                  | taking damage. [demonic ancestry]
  1213 | D:2      | Reached XP level 3. HP: 24/24 MP: 3/6
  1217 | D:2      | Learned a level 3 spell: Kindle Blastsparks
  1248 | D:2      | Noticed Terence
  1254 | D:2      | Killed Terence
  2047 | D:3      | Reached XP level 4. HP: 30/30 MP: 5/8
  2188 | D:3      | Reached skill level 3 in Spellcasting
  2415 | D:3      | Noticed Sigmund
  2556 | D:3      | Killed Sigmund
  2557 | D:3      | Reached skill level 4 in Spellcasting
  2557 | D:3      | Reached XP level 5. HP: 35/35 MP: 3/11
  2557 | D:3      | Reached XP level 6. HP: 41/41 MP: 3/12
  2667 | D:3      | Found Dumom's Magic Scroll Boutique.
  3237 | D:3      | Learned a level 4 spell: Flame Wave
  3296 | D:4      | Found a stormy altar of Qazlal.
  3325 | D:4      | Found Hoibbual's Assorted Antiques.
  3422 | D:4      | Found a staircase to the Ecumenical Temple.
  3449 | Temple   | Entered the Ecumenical Temple
  3545 | D:4      | Found a snail-covered altar of Cheibriados.
  3703 | D:4      | Reached skill level 1 in Fighting
  3897 | D:4      | Found an ancient bone altar of Kikubaaqudgha.
  4207 | D:5      | Entered Level 5 of the Dungeon
  4625 | D:5      | Gained mutation: You may rarely emit foul miasma when
                  | damaged in melee. [demonic ancestry]
  4625 | D:5      | Reached XP level 7. HP: 48/48 MP: 7/13
  4899 | D:5      | Noticed Menkaure
  4903 | D:5      | Killed Menkaure
  4904 | D:5      | Reached skill level 5 in Spellcasting
  4904 | D:5      | Reached skill level 5 in Fire Magic
  5274 | D:5      | Noticed Grinder
  5279 | D:5      | Killed Grinder
  5280 | D:5      | Reached XP level 8. HP: 54/54 MP: 4/16
  5600 | D:5      | Learned a level 1 spell: Necrotise
  5640 | D:5      | Reached skill level 1 in Maces & Flails
  5640 | D:5      | Reached skill level 6 in Spellcasting
  6130 | D:6      | Reached skill level 1 in Necromancy
  6181 | D:6      | Found a shimmering altar of Xom.
  6197 | D:6      | Identified the +8 whip of the Real Monster {vorpal, MP-9
                  | Dex+10}
  6240 | D:6      | Found Nutuh's Jewellery Shoppe.
  6252 | D:6      | Reached skill level 7 in Spellcasting
  6545 | D:6      | Noticed Pikel
  6552 | D:6      | Killed Pikel
  6553 | D:6      | Gained mutation: You are partially covered in icy blue
                  | scales. (AC +2) [demonic ancestry]
  6553 | D:6      | Reached XP level 9. HP: 59/59 MP: 3/20
  6992 | D:2      | Bought a Young Poisoner's Handbook for 200 gold pieces
  6994 | D:2      | Learned a level 1 spell: Sting
  6999 | D:2      | Learned a level 4 spell: Olgreb's Toxic Radiance
  7087 | D:7      | Found an iron altar of Okawaru.
  7100 | D:7      | Noticed Duvessa
  7102 | D:7      | Noticed Dowan
  7263 | D:7      | Killed Dowan
  7268 | D:7      | Killed Duvessa
  7269 | D:7      | Reached skill level 8 in Spellcasting
  7518 | D:7      | Reached skill level 5 in Conjurations
  7893 | D:7      | Killed an unseen horror
  7894 | D:7      | Reached skill level 9 in Spellcasting
  7894 | D:7      | Reached XP level 10. HP: 58/67 MP: 15/23
  8281 | D:7      | Learned a level 3 spell: Vampiric Draining
  8515 | D:8      | Noticed a +0 spear
  8516 | D:8      | Noticed a +0 falchion
  8517 | D:8      | Noticed a +0 falchion
  8517 | D:8      | Noticed a +0 short sword
  8518 | D:8      | Noticed a +0 short sword
  8518 | D:8      | Noticed a +0 dagger
  8518 | D:8      | Noticed a +0 spear
  8518 | D:8      | Noticed a +0 dagger
  8529 | D:8      | Found a hide-covered altar of Uskayaw.
  8710 | D:8      | Noticed a deep troll
  8719 | D:8      | Killed a deep troll
  8795 | D:8      | Found the amulet of Vitality {RegenMP++ Regen++}
  8846 | D:8      | Paralysed by a hornet for 1 turns
  9069 | D:8      | Identified the +1 robe "Uteuqe" {Dex+3}
  9108 | D:8      | Found an opulent altar of Gozag.
  9390 | D:9      | Found a staircase to the Lair.
  9477 | D:9      | Found Vyot's Antique Weapon Emporium.
  9604 | D:9      | Found a basalt altar of Yredelemnul.
  9634 | D:9      | Reached skill level 10 in Spellcasting
 10003 | D:9      | Found a staircase to the Orcish Mines.
 10149 | D:9      | Found a radiant altar of Vehumet.
 10269 | D:9      | Reached XP level 11. HP: 72/72 MP: 20/25
 10393 | D:9      | Became a worshipper of Vehumet
 10419 | D:10     | Entered Level 10 of the Dungeon
 11166 | D:10     | Found a shadowy altar of Dithmenos.
 11170 | D:10     | Found a sparkling altar of Nemelex Xobeh.
 11341 | D:2      | Bought a fine cloak for 256 gold pieces
 11341 | D:2      | Identified the +0 cloak "Efequ" {+Blink rElec Dex+2} (You
                  | bought it in a shop on level 2 of the Dungeon)
 11535 | Lair:1   | Entered Level 1 of the Lair of Beasts
 11576 | Lair:1   | Reached skill level 1 in Poison Magic
 11600 | Lair:1   | Noticed a catoblepas
 11612 | Lair:1   | Reached skill level 11 in Spellcasting
 11671 | Lair:1   | Reached * piety under Vehumet
 11671 | Lair:1   | Offered knowledge of Sandblast by Vehumet.
 12683 | Lair:2   | Learned a level 1 spell: Sandblast
 12906 | Lair:2   | Reached skill level 12 in Spellcasting
 12951 | Lair:2   | Noticed Maggie
 12965 | Lair:2   | Killed Maggie
 12997 | Lair:2   | Gained mutation: You have very sharp fingernails. [demonic
                  | ancestry]
 12997 | Lair:2   | Reached XP level 12. HP: 60/80 MP: 23/28
 13055 | Lair:2   | Found a hole to the Spider Nest.
 13625 | Lair:2   | Reached skill level 1 in Armour
 13662 | Lair:2   | Reached skill level 5 in Necromancy
 13709 | Lair:3   | Offered knowledge of Shock by Vehumet.
 13723 | Lair:3   | Reached ** piety under Vehumet
 13795 | Lair:3   | Found a runed translucent door.
 13820 | Lair:3   | Noticed gabibbone's ghost (journeyman DsFE)
 13873 | Lair:3   | Reached skill level 10 in Fire Magic
 13932 | Lair:3   | Reached skill level 1 in Transmutations
 13977 | Lair:3   | Reached skill level 5 in Dodging
 14017 | Lair:3   | Reached skill level 13 in Spellcasting
 14144 | Lair:3   | Found a dark tunnel.
 14155 | Volcano  | Entered a volcano
 14362 | Volcano  | Noticed a centaur warrior
 14365 | Volcano  | Offered knowledge of Hailstorm by Vehumet.
 14366 | Volcano  | Noticed a red draconian
 14370 | Volcano  | Killed a centaur warrior
 14371 | Volcano  | Reached skill level 5 in Poison Magic
 14380 | Volcano  | HP: 3/80 [red draconian/+1 halberd of flaming (3)]
 14390 | Volcano  | Killed a red draconian
 14439 | Volcano  | Found a radiant altar of Vehumet.
 14488 | Volcano  | Found a bloodstained altar of Trog.
 14881 | Lair:3   | Found a staircase to the Swamp.
 15033 | Lair:3   | Learned a level 4 spell: Dispel Undead
 15229 | Lair:4   | Identified the +6 falchion of Imaemico {vorpal, rElec rN++
                  | Str-4 SInv}
 15322 | Lair:4   | Reached *** piety under Vehumet
 15377 | Lair:4   | Found a staircase to the Slime Pits.
 15409 | Lair:4   | Reached XP level 13. HP: 71/85 MP: 24/30
 15513 | Lair:4   | Offered knowledge of Stone Arrow by Vehumet.
 15817 | Lair:4   | Reached skill level 14 in Spellcasting
 15968 | Lair:4   | Reached **** piety under Vehumet
 15978 | Lair:4   | Offered knowledge of Fireball by Vehumet.
 16255 | Lair:4   | Learned a level 5 spell: Fireball
 16414 | Lair:5   | Entered Level 5 of the Lair of Beasts
 16467 | Lair:5   | Found a transporter.
 16479 | Lair:5   | Found a transporter.
 16486 | Lair:5   | Noticed a dire elephant
 16529 | Lair:5   | Noticed HoaS's ghost (journeyman KoHu)
 16719 | Lair:5   | Reached skill level 15 in Spellcasting
 16719 | Lair:5   | Reached XP level 14. HP: 93/93 MP: 13/33
 16729 | Lair:5   | Reached ***** piety under Vehumet
 16730 | Lair:5   | Offered knowledge of Airstrike by Vehumet.
 18179 | D:2      | Bought a scroll of acquirement for 676 gold pieces
 18179 | D:2      | Acquired a +0 hat of intelligence
 18405 | Lair:5   | Learned a level 4 spell: Airstrike
 18536 | Orc:1    | Entered Level 1 of the Orcish Mines
 18855 | Orc:2    | Entered Level 2 of the Orcish Mines
 18873 | Orc:2    | Noticed Saint Roka
 18912 | Orc:2    | Offered knowledge of Sticky Flame by Vehumet.
 18916 | Orc:2    | Noticed Donald
 18949 | Orc:1    | HP: 4/93 [Donald/+3 long sword of venom (25)]
 18951 | Orc:1    | HP: 1/93 [Donald/+3 long sword of venom (22)]
 18956 | Orc:1    | HP: 4/93 [poisoned by Donald]
 18957 | Orc:1    | Mangled by Donald

Illustrated notes

Levels and vault maps discovered:
D:1:      minmay_arrival_hallway, layout_loops_ring, serial_shops, shop_statue,
          nicolae_shop_waterfront
D:2:      layout_rooms, serial_shops, shop, shop, nicolae_shop_hallway_plus,
          kennysheep_generic_room_4, uniq_terence
D:3:      layout_loops_ring, serial_shops, nicolae_shop_advertising_works
          [nicolae_subvault_shop_adworks], serial_rivers,
          chequers_serial_rivers_micro_b, chequers_serial_rivers_large_b,
          chequers_serial_rivers_room_b, chequers_serial_rivers_micro_a,
          chequers_serial_rivers_micro_e, chequers_serial_rivers_micro_d,
          uniq_sigmund
D:4:      layout_rooms, nicolae_qazlal_scattered_showers, slow_altar_1,
          mainiacjoe_overflow_concentric_impassable,
          minmay_temple_entry_enclosed_plants, serial_shops, shop
D:5:      layout_basic, kennysheep_generic_room_11, uniq_grinder, uniq_menkaure
D:6:      layout_loops_ring, xom_butterflies, serial_shops, nicolae_square_shop,
          grunt_decor_cap, st_stairs_4, uniq_pikel
D:7:      layout_basic, okawaru_trees_1, uniq_duvessa
D:8:      layout_basic, nicolae_gozag_cash_rules_everything_around_me,
          nicolae_uskayaw_en_pointe, hellmonk_guarded_unrand_vitality_bloodlust
D:9:      layout_roguey, lemuel_mausoleum_altar_yredelemnul, kennysheep_mini,
          lair_entry_dummy, zombieorc1_lemuel, serial_shops,
          nicolae_lakefront_shop
D:10:     layout_irregular_city, minitemple, old_standard_altar, serial_rivers,
          chequers_serial_rivers_micro_d, chequers_serial_rivers_micro_d,
          chequers_serial_rivers_small_a, chequers_serial_rivers_micro_c,
          chequers_serial_rivers_micro_e, chequers_serial_rivers_room_b
Temple:   eino_wide_crystal_templ
Lair:1:   layout_cave_pods, nzn_random_ring
Lair:2:   layout_chaotic_city, spider_nest_entry_rubble, uniq_maggie
Lair:3:   layout_misc_corridors, nicolae_swamp_entry_splash_gauntlet,
          lightli_volcano_entry_magma_tube, ebering_ghost_inner_flame
Lair:4:   dreamdust_isle_of_ice, layout_loops_ring, slime_entry_1,
          nicolae_lair_run_with_the_wolves, serial_bayou_shore_a,
          grunt_megastairs_1
Lair:5:   minmay_lair_end_enchanted_forest, layout_cave_shapes,
          nzn_ghost_randoct
Orc:1:    layout_caves
Orc:2:    grunt_orc_cross, layout_caves, uniq_saint_roka, uniq_donald

Skill      XL: |  1  2  3  4  5  6  7  8  9 10 11 12 13 14 |
---------------+-------------------------------------------+-----
Fire Magic     | 3 4 5 6 7 8 9 10 11 | 11.5
Conjurations   | 2 3 4 5 6 7 8 |  8.1
Spellcasting   | 4 5 7 9 10 12 13 15 | 15.9
Dodging        | 2 3 4 5 |  5.7
Fighting       | 1 2 3 |  3.0
Maces & Flails | 1 2 |  2.4
Necromancy     | 3 4 5 6 |  6.2
Poison Magic   | 3 5 7 8 |  8.4
Armour         | 2 |  2.8
Transmutations | 1 |  1.0
Axes           | |  0.2
Stealth        | |  1.7
Air Magic      | |  0.1

Action                   |  1- 3 |  4- 6 |  7- 9 | 10-12 | 13-15 || total
-------------------------+-------+-------+-------+-------+-------++-------
Melee: Hand axe          |     3 |       |       |       |       ||     3
       Whip              |       |    27 |    43 |    28 |     7 ||   105
       Punch             |       |     2 |       |     1 |       ||     3
 Cast: Foxfire           |    64 |    81 |   118 |   272 |    86 ||   621
       Scorch            |     3 |     9 |    48 |   138 |    69 ||   267
       Necrotise         |       |       |    43 |    68 |    42 ||   153
       Flame Wave        |       |       |     5 |    32 |    21 ||    58
       Sting             |       |       |     4 |     9 |       ||    13
       Olgreb's Toxic Ra |       |       |       |    78 |   108 ||   186
       Sandblast         |       |       |       |     2 |     3 ||     5
       Fireball          |       |       |       |       |    89 ||    89
  Use: Scroll            |       |    14 |    11 |    13 |     5 ||    43
       Potion            |       |       |     1 |     6 |     1 ||     8
Armor: Robe              |     6 |    12 |    61 |    69 |       ||   148
       Leather armour    |       |       |       |    92 |    59 ||   151
Dodge: Dodged            |     6 |    19 |    97 |   194 |    95 ||   411

Table legend: (Time is in decaauts)
 A = Elapsed time spent in this place.
 B = Non-inter-level travel time spent in this place.
 C = Inter-level travel time spent in this place.
 D = Time resting spent in this place.
 E = Time spent auto-exploring this place.
 F = Levels seen in this place.
 G = Mean time per level.
                   A        B        C        D        E       F      G
               +--------+--------+--------+--------+--------+-----+--------+
         Total |  19100 |  17359 |   1741 |    187 |  13069 |  19 | 1005.3 |
       Dungeon |  11880 |  10777 |   1103 |    115 |   8713 |  10 | 1188.0 |
        Temple |     61 |     45 |     16 |      0 |     38 |   1 |   61.0 |
          Lair |   6328 |   5708 |    620 |     42 |   3871 |   5 | 1265.6 |
  Orcish Mines |    423 |    423 |      0 |      0 |    284 |   2 |  211.5 |
       Volcano |    406 |    406 |      0 |     30 |    163 |   1 |  406.0 |
               +--------+--------+--------+--------+--------+-----+--------+

Top non-repeatable levels by time:
     D:5: 1791 daAuts
  Lair:5: 1576 daAuts
     D:3: 1451 daAuts
  Lair:1: 1400 daAuts
     D:7: 1375 daAuts
  Lair:4: 1280 daAuts
     D:9: 1258 daAuts
     D:6: 1195 daAuts
     D:2: 1190 daAuts
  Lair:2: 1087 daAuts
     D:8: 992 daAuts
  Lair:3: 983 daAuts
     D:4: 963 daAuts
     D:1: 857 daAuts
    D:10: 804 daAuts
